 Dungeon Crawl Stone Soup version 0.20-a0-641-g673355a (webtiles) character file.

119 Klosterheim the Chopper (level 4, -7/35 HPs)
             Began as a Demonspawn Fighter on Feb 13, 2017.
             Mangled by stickyfingers's ghost (8 damage)
             ... on level 3 of the Dungeon.
             The game lasted 00:02:29 (2068 turns).

Klosterheim the Chopper (Demonspawn Fighter)        Turns: 2068, Time: 00:02:30

Health: -7/35      AC:  7    Str: 22    XL:     4   Next: 74%
Magic:  4/4        EV:  7    Int: 10    God:
Gold:   174        SH: 13    Dex: 12    Spells: 3/3 levels left

rFire    . . .     SeeInvis .   a - +0 war axe
rCold    + . .     Gourm    .   b - +0 scale mail
rNeg     . . .     Faith    .   c - +0 shield
rPois    .         Spirit   .   (no helmet)
rElec    .         Reflect  .   (no cloak)
rCorr    .         Harm     .   q - +0 pair of gloves
MR       .....                  (no boots)
Stlth    ..........             (no amulet)
Regen    0.2/turn               (no ring)
MPRegen  0.1/turn               (no ring)

@: mighty
A: talons 1, large bone plates 1, cold resistance 1
a: no special abilities


You were on level 3 of the Dungeon.
You were not hungry.

You visited 1 branch of the dungeon, and saw 3 of its levels.

You collected 174 gold pieces.

Inventory:

Hand Weapons
 a - a +0 war axe (weapon)
Armour
 b - a +0 scale mail (worn)
 c - a +0 shield (worn)
 q - a +0 pair of gloves (worn)
Jewellery
 u - an uncursed ring of poison resistance {unknown}
Wands
 r - a wand of enslavement (9/24)
Scrolls
 g - 2 scrolls of identify {unknown}
 h - 2 scrolls of enchant weapon {unknown}
 j - a scroll of blinking {unknown}
 l - a scroll of immolation {unknown}
 n - 2 scrolls of remove curse {unknown}
 o - a scroll of magic mapping {unknown}
 p - a scroll of teleportation {unknown}
 t - a scroll of amnesia {unknown}
 v - a scroll of random uselessness {unknown}
Potions
 e - 2 potions of curing {unknown}
 k - a potion of ambrosia {unknown}
 m - a potion of heal wounds {unknown}
 s - a potion of resistance {unknown}
Comestibles
 f - 3 bread rations
 i - 2 chunks of flesh


   Skills:
 - Level 3.0 Fighting
 * Level 4.5 Axes
 - Level 2.6 Armour
 - Level 2.6 Shields


You had 3 spell levels left.
You didn't know any spells.

Dungeon Overview and Level Annotations

Branches:
Dungeon (3/15)

Altars:
Nemelex Xobeh

Annotations:
D:3 stickyfingers's ghost, weakling TeAK


Innate Abilities, Weirdness & Mutations

You have sharp toenails.
You are partially covered in large bone plates. (SH +4)
Your flesh is cold resistant. (rC+)


Message History

Stickyfingers's ghost is heavily damaged.
Stickyfingers's ghost hits you. x2
Your shield and scale mail prevent you from hitting stickyfingers's ghost.
Your kick misses stickyfingers's ghost.
Stickyfingers's ghost is heavily damaged.
You block stickyfingers's ghost's attack.
You closely miss stickyfingers's ghost. You claw stickyfingers's ghost.
Stickyfingers's ghost is severely damaged.
Stickyfingers's ghost hits you.
You barely miss stickyfingers's ghost.
You claw stickyfingers's ghost, but do no damage.
Stickyfingers's ghost is severely damaged.
Stickyfingers's ghost hits you!
* * * LOW HITPOINT WARNING * * *
Stickyfingers's ghost hits you.
* * * LOW HITPOINT WARNING * * *
You closely miss stickyfingers's ghost. Your kick misses stickyfingers's ghost.
Stickyfingers's ghost is severely damaged.
Stickyfingers's ghost hits you!
You die...

#(..###...######## #####
.................# #....
...#..........#.####.###
##....................
#.#........##.#.#.######
..>..#....###....#.# #
..###...†..# #..###.# #
##.##'## #... ..# #
###8@8# #..# ### #
#..†W.##..# # #8.....8#
# #.........# #
#8.........8# #
.'.....(.....+ #
.#8.........8# #
##.........## # #


You could see stickyfingers's ghost.

Vanquished Creatures
  4 gnolls
  3 adders
  A worm (D:3)
  2 dart slugs
  2 leopard geckos (D:3)
  3 giant cockroaches
  5 goblins
  5 hobgoblins
  4 jackals (D:2)
  A quokka (D:2)
  5 bats
  4 frilled lizards
  5 kobolds
  6 rats
50 creatures vanquished.

Notes
Turn   | Place    | Note
-------+----------+-------------------------------------------
     0 | D:1      | Klosterheim the Demonspawn Fighter began the quest for the Orb.
     0 | D:1      | Reached XP level 1. HP: 18/18 MP: 1/1
    71 | D:1      | Reached skill level 2 in Axes
   284 | D:1      | Gained mutation: Your flesh is cold resistant. (rC+) [demonic ancestry]
   284 | D:1      | Reached XP level 2. HP: 23/24 MP: 2/2
   714 | D:2      | Reached skill level 3 in Axes
   860 | D:2      | Gained mutation: You have sharp toenails. [demonic ancestry]
   860 | D:2      | Reached XP level 3. HP: 22/29 MP: 3/3
  1440 | D:2      | Reached skill level 4 in Axes
  1440 | D:2      | Gained mutation: You are partially covered in large bone plates. (SH +4) [demonic ancestry]
  1440 | D:2      | Reached XP level 4. HP: 35/35 MP: 4/4
  1759 | D:3      | Found a sparkling altar of Nemelex Xobeh.
  2037 | D:3      | Noticed stickyfingers's ghost (weakling TeAK)
  2067 | D:3      | HP: 1/35 [stickyfingers's ghost (5)]
  2068 | D:3      | Mangled by stickyfingers's ghost

Vault maps used:
D:1:      matt_arrival_spirals
D:2:      serial_glass, glass_columns_a, glass_columns_b, glass_columns_a,
          glass_columns_b, glass_columns_b, glass_columns_b, glass_columns_b,
          glass_columns_a, glass_columns_b, glass_columns_c, glass_columns_c,
          glass_columns_a, glass_columns_b, glass_columns_b,
          minmay_strange_pillars, minmay_strange_pillars,
          minmay_strange_pillars, item_on_display_a
D:3:      old_standard_altar, lemuel_round_altar, dk_noncrumbling_4,
          kennysheep_generic_room_8

Skill      XL: |  1  2  3 |
---------------+----------+-----
Axes           | 2 3 4 |  4.5
Fighting       | |  3.0
Armour         | |  2.6
Shields        | |  2.6

Action                   |  1- 3 |  4- 6 || total
-------------------------+-------+-------++-------
Melee: War axe           |    82 |    61 ||   143
       Kick              |     3 |    13 ||    16
  Use: Potion            |       |     1 ||     1
  Eat: Chunk             |     2 |     2 ||     4
Armor: Scale mail        |    41 |    18 ||    59
Dodge: Dodged            |    16 |    13 ||    29
Block: Shield            |    41 |    44 ||    85
